 Dungeon Crawl Stone Soup version 0.29-a0-284-gf9362112df (webtiles) character file.

Game seed: 9669013845930315764

60 sammy202020 the Skirmisher (level 3, -1/34 HPs)
             Began as a Minotaur Berserker on Mar 29, 2022.
             Was a Believer of Trog.
             Slain by a gnoll
             ... wielding a +4 spear of venom
              (6 damage)
             ... on level 2 of the Dungeon.
             The game lasted 00:02:57 (1077 turns).

sammy202020 the Skirmisher (Minotaur Berserker)     Turns: 1077, Time: 00:02:57

Health: -1/34      AC:  2    Str: 21    XL:     3   Next: 82%
Magic:  2/2        EV: 12    Int:  6    God:    Trog [**....]
Gold:   85         SH:  0    Dex:  9    Spells: 2/2 levels left

rFire   . . .      SeeInvis .   a - +0 hand axe
rCold   . . .      Faith    .   (no shield)
rNeg    . . .      Spirit   .   b - +0 animal skin
rPois   .          Reflect  .   (helmet restricted)
rElec   .          Harm     .   (no cloak)
rCorr   .          Rampage  .   (no gloves)
Will    .....                   (no boots)
Stlth   +.........              (no amulet)
HPRegen 0.11/turn               (no ring)
MPRegen 0.08/turn               (no ring)

@: on berserk cooldown, slowed, very slow
A: horns 2, retaliatory headbutt
a: Renounce Religion, Berserk, Trog's Hand


You were on level 2 of the Dungeon.
You worshipped Trog.
Trog was pleased with you.
You visited 1 branch of the dungeon, and saw 2 of its levels.

You collected 85 gold pieces.

Inventory:

Hand Weapons
 a - a +0 hand axe (weapon)
 d - a +0 mace
Missiles
 c - 6 poisoned darts (quivered)
Armour
 b - a +0 animal skin (worn)
Scrolls
 e - a scroll of immolation
Potions
 f - a potion of attraction
 h - a potion of cancellation {unknown}


   Skills:
 * Level 4.4 Fighting
 * Level 4.4 Axes
 + Level 3.0 Armour
 + Level 2.7 Dodging


You had 2 spell levels left.
You didn't know any spells.
Your spell library was empty.

Dungeon Overview and Level Annotations

Branches:
Dungeon (2/15)

Altars:
Elyvilon


Innate Abilities, Weirdness & Mutations

You have a pair of horns on your head.
You reflexively headbutt those who attack you in melee.


Message History

The bat closely misses you. You furiously retaliate!
You headbutt the bat!
You kill the bat!
Trog accepts your kill.
Your Armour skill increases to level 3!
A bat comes into view.
Things that are here:
a bat corpse; the felid corpse of Natasha A bat is nearby!
A bat is nearby!
A bat is nearby!
You are too injured to fight recklessly!
Found a short sword.
You feel a strong urge to attack something.
The bat hits you.
Found a short sword.
The bat closely misses you.
A goblin and a gnoll come into view.
The gnoll is wielding a +4 spear of venom.
Found a viscous grey potion.
You feel your anger nearly subside.
You are no longer berserk.
You are exhausted.
You feel as though you will be slow longer.
The goblin shouts!
The gnoll shouts!
The bat completely misses you. You furiously retaliate!
You headbutt the bat, but do no damage.
A giant cockroach comes into view.
You closely miss the bat. The bat hits you but does no damage. x2
The bat barely misses you. You furiously retaliate!
You headbutt the bat!
You kill the bat!
Trog accepts your kill.
You can now call upon Trog for regeneration and willpower.
You see here a blue potion.
You open the door.
The gnoll hits you from afar with a +4 spear of venom.
* * * LOW HITPOINT WARNING * * *
Found 16 gold pieces.
Found 32 stones.
Found a white marble altar of Elyvilon.
The goblin hits you with a +0 dagger.
* * * LOW HITPOINT WARNING * * *
The gnoll hits you from afar with a +4 spear of venom.
You die...

###### #### #....#
..... #.##.##
..)..#####.#..<######
..........>#..........
.).........†.#########
..........†gg@....$..
!.......!....#.#####.
.......†.....#..#
.............##(..
.............# ....
.............# #.._..
.............# .....
+############# .....


You could see a gnoll and a goblin.

Vanquished Creatures
  Natasha (D:2)
  2 dart slugs
  3 ball pythons (D:1)
  6 endoplasms
  3 goblins (D:1)
  5 kobolds (D:1)
  A quokka (D:1)
  5 bats
  A frilled lizard (D:1)
  A rat (D:1)
28 creatures vanquished.

Notes
Turn   | Place    | Note
-------+----------+-------------------------------------------
     0 | D:1      | sammy202020 the Minotaur Berserker began the quest for the
                  | Orb.
     0 | D:1      | Reached XP level 1. HP: 19/19 MP: 0/0
   485 | D:1      | Reached XP level 2. HP: 26/27 MP: 1/1
   910 | D:1      | Reached XP level 3. HP: 26/33 MP: 2/2
  1058 | D:2      | Noticed Natasha
  1065 | D:2      | Killed Natasha
  1071 | D:2      | Reached ** piety under Trog
  1077 | D:2      | Found a white marble altar of Elyvilon.
  1077 | D:2      | Slain by a gnoll

Illustrated notes

Levels and vault maps discovered:
D:1:      evilmike_arrival_crescent, layout_rooms
D:2:      layout_basic, chequers_ecumenical_altar_grove, serial_shops, shop,
          basic_altar, grunt_decor_cap, uniq_terence, uniq_natasha

Skill      XL: |  1  2  3 |
---------------+----------+-----
Axes           | 4 |  4.4
Fighting       | 4 |  4.4
Armour         | 3 |  3.0
Dodging        | |  2.7

Action                   || total
-------------------------++-------
Melee: Hand axe          ||    52
       Punch             ||     1
       Headbutt          ||     2
Invok: Berserk           ||     1
  Use: Scroll            ||     3
Armor: Animal skin       ||     8
Dodge: Dodged            ||    39

Table legend: (Time is in decaauts)
 A = Elapsed time spent in this place.
 B = Non-inter-level travel time spent in this place.
 C = Inter-level travel time spent in this place.
 D = Time resting spent in this place.
 E = Time spent auto-exploring this place.
 F = Levels seen in this place.
 G = Mean time per level.
                   A        B        C        D        E       F      G
               +--------+--------+--------+--------+--------+-----+--------+
         Total |   1091 |   1084 |      7 |      0 |    827 |   2 |  545.5 |
       Dungeon |   1091 |   1084 |      7 |      0 |    827 |   2 |  545.5 |
               +--------+--------+--------+--------+--------+-----+--------+

Top non-repeatable levels by time:
     D:1: 1063 daAuts
     D:2: 27 daAuts
